PIO (24 & UNDER)
SALEM SLEDGEHAMMERS @ SASKATOON SMOKIN' GUNS
08/11/2030
 
TOP OF THE 1ST
Salem Sledgehammers batting - Pitching for Saskatoon Smokin' Guns : RHP Ismael Ramírez
Pitching: RHP Ismael Ramírez
Batting: RHB Ben Simpson 0-0: Swinging Strike
0-1: Ground out 5-3 (Groundball, 56)
Batting: LHB Marvin Jones 0-0: Ball
1-0: Called Strike
1-1: Ball
2-1: Swinging Strike
2-2: Ball
3-2: Fly out, F8 (Flyball, 78D)
Batting: LHB Wes Britton 0-0: Ball
1-0: Ball
2-0: Called Strike
2-1: Foul Ball, location: 2F
2-2: Ball
3-2: SINGLE (Flyball, 8LS)
Batting: LHB Adrian Neal 0-0: Ball
Wes Britton steals 2nd base
1-0: Ball
2-0: Ball
3-0: Called Strike
3-1: Called Strike
3-2: Strikes out looking
Top of the 1st over - 0 runs, 1 hit, 0 errors, 1 left on base; Salem 0 - Saskatoon 0
BOTTOM OF THE 1ST
Saskatoon Smokin' Guns batting - Pitching for Salem Sledgehammers : RHP Ross Jackson
Pitching: RHP Ross Jackson
Batting: RHB Luis Suárez 0-0: Ground out 6-3 (Groundball, 6)
Batting: RHB Júlio Durán 0-0: Ground out 4-3 (Groundball, 4M)
Batting: RHB Juan Alvarado 0-0: Called Strike
0-1: Ball
1-1: Ball
2-1: Ball
3-1: Base on Balls
Batting: LHB José Domínguez 0-0: Ball
1-0: Swinging Strike
1-1: Foul Ball, location: 2F
1-2: SINGLE (Groundball, 4MD)
Juan Alvarado to second
Runner from 2nd tries for 3rd, SAFE, no throw
Batting: RHB Lyle Johnston 0-0: Called Strike
0-1: Ball
1-1: Swinging Strike
1-2: Ball
2-2: Ball
3-2: Ground out 4-3 (Groundball, 4)
Bottom of the 1st over - 0 runs, 1 hit, 0 errors, 2 left on base; Salem 0 - Saskatoon 0
TOP OF THE 2ND
Salem Sledgehammers batting - Pitching for Saskatoon Smokin' Guns : RHP Ismael Ramírez
Batting: LHB Roberto Flores 0-0: Called Strike
0-1: Called Strike
0-2: SINGLE (Flyball, 78S)
Batting: RHB Roberto Landavazo 0-0: Called Strike
0-1: Ball
1-1: Fielders Choice at 2nd, 1-4 (Groundball, 15S)
Batting: LHB Larry Bradley 0-0: Swinging Strike
0-1: Ball
1-1: Swinging Strike
1-2: Foul Ball, location: 2F
1-2: Ball
Roberto Landavazo steals 2nd base
2-2: Foul Ball, location: 2F
2-2: Ball
3-2: Strikes out swinging
Batting: SHB Honorato Díaz 0-0: Called Strike
0-1: Foul Ball, location: 2F
0-2: SINGLE (Line Drive, 4M)
Roberto Landavazo to third
Runner from 3rd tries for Home, SAFE, no throw
Batting: RHB Ricardo Tirado 0-0: Ball
1-0: Called Strike
1-1: Ball
2-1: Called Strike
Honorato Díaz steals 2nd base
2-2: SINGLE (Line Drive, 6MD)
Honorato Díaz to third
Runner from 3rd tries for Home, SAFE, no throw
Batting: RHB Ben Simpson 0-0: Foul Ball, location: 2F
0-1: Ball
1-1: Foul Ball, location: 2F
1-2: Ball
2-2: Fly out, F7 (Line Drive, 7S)
Top of the 2nd over - 2 runs, 3 hits, 0 errors, 1 left on base; Salem 2 - Saskatoon 0
BOTTOM OF THE 2ND
Saskatoon Smokin' Guns batting - Pitching for Salem Sledgehammers : RHP Ross Jackson
Batting: RHB Mike Ratzlaff 0-0: Called Strike
0-1: Swinging Strike
0-2: Foul Ball, location: 2F
0-2: Ball
1-2: Ground out 6-3 (Groundball, 6)
Batting: RHB Artie Turner 0-0: Fly out, F7 (Flyball, 7)
Batting: RHB Héctor Garza 0-0: Ball
1-0: Foul Ball, location: 2F
1-1: Ball
2-1: Ball
3-1: Base on Balls
Batting: RHB Rafael Gonzáles 0-0: Ball
1-0: Called Strike
1-1: Foul Ball, location: 2F
1-2: Ball
2-2: Fielders Choice at 2nd, 5-4 (Groundball, 5L)
Bottom of the 2nd over - 0 runs, 0 hits, 0 errors, 1 left on base; Salem 2 - Saskatoon 0
TOP OF THE 3RD
Salem Sledgehammers batting - Pitching for Saskatoon Smokin' Guns : RHP Ismael Ramírez
Batting: LHB Marvin Jones 0-0: Called Strike
0-1: Ball
1-1: Swinging Strike
1-2: Ball
2-2: Ball
3-2: Strikes out swinging
Batting: LHB Wes Britton 0-0: Ball
1-0: Ball
2-0: Ball
3-0: Base on Balls
Batting: LHB Adrian Neal 0-0: Foul Ball, location: 2F
0-1: Foul Ball, location: 2F
0-2: Strikes out swinging
Pitching: LHP Jorge Gatán
Batting: LHB Roberto Flores 0-0: Called Strike
0-1: Ball
Wes Britton is caught stealing 2nd base
Top of the 3rd over - 0 runs, 0 hits, 0 errors, 0 left on base; Salem 2 - Saskatoon 0
BOTTOM OF THE 3RD
Saskatoon Smokin' Guns batting - Pitching for Salem Sledgehammers : RHP Ross Jackson
Batting: RHB Luis Suárez 0-0: Ball
1-0: Ball
2-0: Ball
3-0: Called Strike
3-1: Base on Balls
Batting: RHB Júlio Durán 0-0: Ground out 4-3 (Groundball, 4MS)
Luis Suárez to second
Batting: RHB Juan Alvarado 0-0: Ball
1-0: Ball
2-0: Fly out, F9 (Flyball, 9S)
Batting: LHB José Domínguez 0-0: Ball
1-0: SINGLE (Groundball, 34D)
Luis Suárez to third
Runner from 3rd tries for Home, SAFE, no throw
Batting: RHB Lyle Johnston 0-0: Swinging Strike
0-1: Swinging Strike
0-2: SINGLE (Flyball, 78M)
José Domínguez to second
Pitching: RHP Lloyd Jones
Batting: RHB Mike Ratzlaff 0-0: Called Strike
0-1: Swinging Strike
0-2: Ball
1-2: Ball
2-2: Ball
3-2: Ground out 5-3 (Groundball, 56)
Bottom of the 3rd over - 1 run, 2 hits, 0 errors, 2 left on base; Salem 2 - Saskatoon 1
TOP OF THE 4TH
Salem Sledgehammers batting - Pitching for Saskatoon Smokin' Guns : LHP Jorge Gatán
Batting: LHB Roberto Flores 0-0: Ball
1-0: Ball
2-0: Called Strike
2-1: Foul Ball, location: 2F
2-2: Foul Ball, location: 2F
2-2: Strikes out swinging
Batting: RHB Roberto Landavazo 0-0: Swinging Strike
0-1: Swinging Strike
0-2: Ball
1-2: Strikes out swinging
Batting: LHB Larry Bradley 0-0: Called Strike
0-1: Called Strike
0-2: Strikes out swinging
Top of the 4th over - 0 runs, 0 hits, 0 errors, 0 left on base; Salem 2 - Saskatoon 1
BOTTOM OF THE 4TH
Saskatoon Smokin' Guns batting - Pitching for Salem Sledgehammers : RHP Lloyd Jones
Batting: RHB Artie Turner 0-0: Foul Ball, location: 2F
0-1: Ball
1-1: Foul Ball, location: 2F
1-2: Foul Ball, location: 2F
1-2: Ball
2-2: Fly out, F5 (Line Drive, 56)
Batting: RHB Héctor Garza 0-0: Called Strike
0-1: Foul Ball, location: 2F
0-2: Strikes out swinging, 2-3 out at first.
Batting: RHB Rafael Gonzáles 0-0: Swinging Strike
0-1: SINGLE (Line Drive, 4MD)
Batting: RHB Luis Suárez 0-0: Ball
1-0: Ball
Rafael Gonzáles steals 2nd base
2-0: Ground out 1-3 (Groundball, 13S)
Bottom of the 4th over - 0 runs, 1 hit, 0 errors, 1 left on base; Salem 2 - Saskatoon 1
TOP OF THE 5TH
Salem Sledgehammers batting - Pitching for Saskatoon Smokin' Guns : LHP Jorge Gatán
Batting: SHB Honorato Díaz 0-0: Ball
1-0: Ground out 4-3 (Groundball, 4)
Batting: RHB Ricardo Tirado 0-0: Foul Ball, location: 2F
0-1: Swinging Strike
0-2: Ball
1-2: Strikes out looking
Batting: RHB Ben Simpson 0-0: Ball
1-0: Ground out 5-3 (Groundball, 56S)
Top of the 5th over - 0 runs, 0 hits, 0 errors, 0 left on base; Salem 2 - Saskatoon 1
BOTTOM OF THE 5TH
Saskatoon Smokin' Guns batting - Pitching for Salem Sledgehammers : RHP Lloyd Jones
Batting: RHB Júlio Durán 0-0: Called Strike
0-1: Fly out, F4 (Line Drive, 4)
Batting: RHB Juan Alvarado 0-0: Foul Ball, location: 2F
0-1: Ball
1-1: Ball
2-1: Fly out, F3 (Popup, 3L)
Batting: LHB José Domínguez 0-0: Hit by Pitch
Batting: RHB Lyle Johnston 0-0: Ball
1-0: Ball
2-0: Ball
3-0: Called Strike
3-1: Swinging Strike
3-2: Strikes out swinging
Bottom of the 5th over - 0 runs, 0 hits, 0 errors, 1 left on base; Salem 2 - Saskatoon 1
TOP OF THE 6TH
Salem Sledgehammers batting - Pitching for Saskatoon Smokin' Guns : LHP Jorge Gatán
Batting: LHB Marvin Jones 0-0: DOUBLE (Line Drive, 78D)
Batting: LHB Wes Britton 0-0: Intentional Walk
Batting: LHB Adrian Neal 0-0: Ball
1-0: Foul Ball, location: 2F
1-1: Called Strike
1-2: Strikes out swinging
Pinch Runner at 2nd Robert Lancaster:
Batting: LHB Roberto Flores 0-0: Ball
1-0: Swinging Strike
1-1: SINGLE (Groundball, 4D)
Robert Lancaster to third
Wes Britton to second
Runner from 3rd tries for Home, SAFE, throw made at trailing runner, OUT at third!
Batting: RHB Roberto Landavazo 0-0: Called Strike
0-1: Ball
1-1: Swinging Strike
1-2: Foul Ball, location: 2F
1-2: Foul Ball, location: 2F
1-2: Strikes out swinging
Top of the 6th over - 1 run, 2 hits, 0 errors, 1 left on base; Salem 3 - Saskatoon 1
BOTTOM OF THE 6TH
Saskatoon Smokin' Guns batting - Pitching for Salem Sledgehammers : RHP Lloyd Jones
Batting: RHB Mike Ratzlaff 0-0: Ball
1-0: Ball
2-0: Called Strike
2-1: Foul Ball, location: 2F
2-2: Strikes out swinging
Batting: RHB Artie Turner 0-0: Ball
1-0: Called Strike
1-1: Called Strike
1-2: Ball
2-2: Strikes out swinging
Batting: RHB Héctor Garza 0-0: Foul Ball, location: 2F
0-1: Ball
1-1: Hit by Pitch
Batting: RHB Rafael Gonzáles 0-0: Called Strike
0-1: Ball
1-1: Fly out, F6 (Popup, 6MD)
Bottom of the 6th over - 0 runs, 0 hits, 0 errors, 1 left on base; Salem 3 - Saskatoon 1
TOP OF THE 7TH
Salem Sledgehammers batting - Pitching for Saskatoon Smokin' Guns : LHP Jorge Gatán
Batting: LHB Larry Bradley 0-0: Ball
1-0: Ball
2-0: Foul Ball, location: 2F
2-1: Foul Ball, location: 2F
2-2: Strikes out swinging
Batting: SHB Honorato Díaz 0-0: Ball
1-0: Foul Ball, location: 2F
1-1: Hit by Pitch
Batting: RHB Ricardo Tirado 0-0: Called Strike
0-1: Ball
Honorato Díaz is caught stealing 2nd base
1-1: Fly out, F8 (Flyball, 89M)
Top of the 7th over - 0 runs, 0 hits, 0 errors, 0 left on base; Salem 3 - Saskatoon 1
BOTTOM OF THE 7TH
Saskatoon Smokin' Guns batting - Pitching for Salem Sledgehammers : RHP Lloyd Jones
Now at 3B: Miguel Rodríguez
Batting: RHB Luis Suárez 0-0: Ball
1-0: Called Strike
1-1: Ball
2-1: Swinging Strike
2-2: Ball
3-2: Base on Balls
Batting: RHB Júlio Durán 0-0: Ball
1-0: Called Strike
1-1: Ground out 5-3 (Groundball, 56S)
Luis Suárez to second
Batting: RHB Juan Alvarado 0-0: Called Strike
Luis Suárez steals 3rd base
0-1: Ball
1-1: Ground out 5-3 (Groundball, 25)
Pitching: RHP Dave Wilson
Batting: LHB José Domínguez 0-0: Foul Ball, location: 2F
0-1: Ball
Passed Ball!
Luis Suárez scores
1-1: Foul Ball, location: 2F
1-2: Strikes out swinging
Bottom of the 7th over - 1 run, 0 hits, 0 errors, 0 left on base; Salem 3 - Saskatoon 2
TOP OF THE 8TH
Salem Sledgehammers batting - Pitching for Saskatoon Smokin' Guns : LHP Jorge Gatán
Pitching: RHP Tomás Padilla
Batting: RHB Ben Simpson 0-0: Ball
1-0: Called Strike
1-1: Ball
2-1: Foul Ball, location: 2F
2-2: Foul Ball, location: 2F
2-2: SINGLE (Line Drive, 89M)
Batting: RHB Robert Lancaster 0-0: Ball
1-0: Called Strike
1-1: Ball
2-1: Bunted foul
2-2: Ball
3-2: Base on Balls
Ben Simpson to second
Batting: LHB Wes Britton 0-0: Ball
1-0: Ball
2-0: Called Strike
2-1: Ball
3-1: Called Strike
3-2: Foul Ball, location: 2F
3-2: Base on Balls
Ben Simpson to third
Robert Lancaster to second
Batting: LHB Adrian Neal 0-0: Foul Ball, location: 2F
0-1: Ball
1-1: Fly out, F8 (Flyball, 8LM)
Runner from 3rd tags up, OUT at HOME
Robert Lancaster to third
Wes Britton to second
Batting: LHB Roberto Flores 0-0: Ball
1-0: Ball
2-0: Foul Ball, location: 2F
2-1: Ball
3-1: Swinging Strike
3-2: Strikes out looking
Top of the 8th over - 0 runs, 1 hit, 0 errors, 2 left on base; Salem 3 - Saskatoon 2
BOTTOM OF THE 8TH
Saskatoon Smokin' Guns batting - Pitching for Salem Sledgehammers : RHP Dave Wilson
Now at SS: Jeffrey Dunbar
Batting: RHB Lyle Johnston 0-0: Ball
1-0: Swinging Strike
1-1: Foul Ball, location: 2F
1-2: Strikes out swinging
Batting: RHB Mike Ratzlaff 0-0: Ball
1-0: Ball
2-0: Fly out, F9 (Flyball, 89M)
Batting: RHB Artie Turner 0-0: Ball
1-0: Swinging Strike
1-1: Ground out 5-3 (Groundball, 56S)
Bottom of the 8th over - 0 runs, 0 hits, 0 errors, 0 left on base; Salem 3 - Saskatoon 2
TOP OF THE 9TH
Salem Sledgehammers batting - Pitching for Saskatoon Smokin' Guns : RHP Tomás Padilla
Batting: RHB Miguel Rodríguez 0-0: Called Strike
0-1: Ball
1-1: Foul Ball, location: 2F
1-2: Foul Ball, location: 2F
1-2: Ball
2-2: Strikes out looking
Batting: LHB Larry Bradley 0-0: Ball
1-0: Ball
2-0: Called Strike
2-1: Called Strike
2-2: Ball
3-2: Foul Ball, location: 2F
3-2: Strikes out swinging
Batting: SHB Honorato Díaz 0-0: Ball
1-0: SINGLE (Line Drive, 7S)
Pinch Hitting: LHB James Navarro 0-0: Ball
1-0: Ball
2-0: Called Strike
2-1: Ball
3-1: Called Strike
3-2: Foul Ball, location: 2F
3-2: Strikes out swinging
Top of the 9th over - 0 runs, 1 hit, 0 errors, 1 left on base; Salem 3 - Saskatoon 2
BOTTOM OF THE 9TH
Saskatoon Smokin' Guns batting - Pitching for Salem Sledgehammers : RHP Dave Wilson
Pitching: RHP Clay White
Now at C: Jorge Flores
Pinch Hitting: LHB Ben Donaldson 0-0: Ball
1-0: Fly out, F3 (Line Drive, 34)
Batting: RHB Rafael Gonzáles 0-0: Ball
1-0: Ball
2-0: Foul Ball, location: 2F
2-1: Ball
3-1: Base on Balls
Batting: RHB Luis Suárez 0-0: Called Strike
0-1: Ball
1-1: Fly out, F8 (Flyball, 8LD)
Pinch Hitting: LHB Jim Hall 0-0: Ball
1-0: Called Strike
1-1: Ball
2-1: Called Strike
2-2: Foul Ball, location: 2F
2-2: Ball
3-2: Strikes out swinging
Bottom of the 9th over - 0 runs, 0 hits, 0 errors, 1 left on base; Salem 3 - Saskatoon 2
Saturday, April 7th, 2018 - OOTP Baseball 18.8 Build 76